 Dungeon Crawl Stone Soup version 0.26.0-5-gb5863c6483 (webtiles) character file.

Game seed: 4156315782858201461

60925 Fulmax the Severer (level 14, -7/205 HPs)
             Began as a Minotaur Berserker on Jan 10, 2021.
             Was a High Priest of Trog.
             Splashed by a tengu reaver's acid (17 damage)
             ... on level 12 of the Dungeon.
             The game lasted 00:50:05 (24469 turns).

Fulmax the Severer (Minotaur Berserker)            Turns: 24469, Time: 00:50:06

Health: -7/205     AC: 14    Str: 24    XL:     14   Next: 58%
Magic:  13/13      EV: 12    Int:  7    God:    Trog [*****.]
Gold:   893        SH:  0    Dex:  6    Spells: 13/13 levels left

rFire    + + .     SeeInvis +   a - +7 executioner's axe "Munipnil" {vorpal, rF+ SInv}
rCold    . . .     Faith    .   (shield currently unavailable)
rNeg     + . .     Spirit   .   Y - +1 scale mail of the Watchman {rF+ rN+ Dex-4 SInv}
rPois    +         Reflect  .   V - +0 hat
rElec    .         Harm     .   W - +0 cloak
rCorr    .         Rampage  .   (no gloves)
Will     ++++.                  l - +1 pair of boots {run}
Stlth    ..........             (no amulet)
HPRegen  1.44/turn              G - ring of willpower
MPRegen  0.13/turn              S - ring of poison resistance

@: berserking (expiring), regenerating, very quick
A: retaliatory headbutt, horns 2
a: Renounce Religion, Berserk, Trog's Hand, Brothers in Arms


You were on level 12 of the Dungeon.
You worshipped Trog.
Trog was extremely pleased with you.
You visited 2 branches of the dungeon, and saw 18 of its levels.
You also visited: Ossuary.

You collected 1331 gold pieces.
You spent 438 gold pieces at shops.

Inventory:

Hand Weapons
 a - the +7 executioner's axe "Munipnil" (weapon) {vorpal, rF+ SInv}
   (Trog gifted it to you on level 11 of the Dungeon)

   It inflicts extra damage upon your enemies.
   It protects you from fire.
   It lets you see invisible.
 b - a +4 hand axe of flaming
 A - a +0 war axe of electrocution
Missiles
 j - 72 poisoned darts
Armour
 c - a +0 kite shield
 h - a +2 ring mail of cold resistance
 l - a +1 pair of boots of running (worn)
 V - a +0 hat (worn)
 W - a +0 cloak (worn)
 Y - the +1 scale mail of the Watchman (worn) {rF+ rN+ Dex-4 SInv}
   (You found it on level 11 of the Dungeon)

   It affects your dexterity (-4).
   It protects you from fire.
   It protects you from negative energy.
   It lets you see invisible.
Jewellery
 u - an uncursed ring of positive energy
 D - an uncursed ring of ice
 G - a ring of willpower (left hand)
 P - an uncursed amulet of reflection {unknown}
 S - a ring of poison resistance (right hand)
 T - an uncursed amulet of guardian spirit {unknown}
 X - an uncursed ring of flight
Wands
 k - a wand of disintegration (11)
 B - a wand of paralysis (11)
 C - a wand of flame (46)
 F - a wand of acid (11)
 M - a wand of random effects (19)
 R - a wand of iceblast (11)
Scrolls
 d - 13 scrolls of remove curse
 m - 4 scrolls of immolation
 n - 3 scrolls of enchant armour {unknown}
 o - 8 scrolls of identify
 q - a scroll of blinking
 r - a scroll of summoning {unknown}
 y - 9 scrolls of teleportation
 J - 3 scrolls of fear {unknown}
 K - 2 scrolls of brand weapon {unknown}
 L - 2 scrolls of fog
 Q - a scroll of enchant weapon
 Z - a scroll of magic mapping {unknown}
Potions
 e - a potion of resistance
 f - 10 potions of curing
 g - 9 potions of mutation
 i - 2 potions of cancellation
 p - 5 potions of flight
 s - 2 potions of lignification
 t - a potion of ambrosia
 v - 5 potions of heal wounds
 w - a potion of haste
 x - a potion of might
 E - a potion of berserk rage {unknown}
 H - 3 potions of invisibility
 I - 4 potions of attraction
 O - 3 potions of brilliance {unknown}
Miscellaneous
 z - a lightning rod (4/4)
 N - a box of beasts
 U - a phial of floods


   Skills:
 - Level 16.0 Fighting
 - Level 16.0 Axes
 - Level 12.0 Armour
 + Level 6.5 Dodging
 - Level 12.0 Shields
 - Level 8.0 Evocations


You had 13 spell levels left.
You didn't know any spells.
Your spell library was empty.

Dungeon Overview and Level Annotations

Branches:
Dungeon (12/15)            Temple (0/1) D:4            Lair (6/6) D:8
 Shoals (0/4) Lair:4        Snake (0/4) Lair:3        Slime (0/5) Lair:6
    Orc (0/2) D:9         Ossuary (visited)

Altars:
Cheibriados
Hepliaklqana
Okawaru
Sif Muna
Trog
Uskayaw
Wu Jian
The Shining One
Jiyva

Shops:
D:4 =   D:10 [


Innate Abilities, Weirdness & Mutations

You reflexively headbutt those who attack you in melee.
You have a pair of horns on your head.


Message History

You kill the tengu reaver!
Trog accepts your kill.
Trog appreciates your killing of a magic user.
The tengu reaver gestures wildly while chanting.
The tengu reaver conjures a globe of magical energy!
Your Dodging skill increases to level 6!
A battlesphere comes into view.
You slice the centaur!!
You kill the centaur!
Trog accepts your kill. The tengu reaver casts a spell at you.
The bolt of acid misses you.
Found five items.
Items here: ! ( )) [.
You hit the tengu reaver but do no damage.
The tengu reaver casts a spell at you. The bolt of acid hits you!!!
* * * LOW HITPOINT WARNING * * *
You are splashed with acid!
You die...

##. # #.. #.# #.#####.##
#.##...#... ####.##...##..
# .....#.....#... .## ..
.....#...###.*.# ##)))##
#..
.....†.(.#.....Q#..)#:.##'.
.....#..##### #@## #.#
.....#......# ##)## #.#
###..#.#######.###(###.#
#..#.........# ##(..#
#..#####.#########(#####
#..†# #.# #.....(...# #...#
#.## #.###.###.# ##..#
#..## #.#[#...#.# ##.##
##..###)#.#.###.###..#


You could see a tengu reaver and a battlesphere.

Vanquished Creatures
  A tengu reaver (D:12)
  A dire elephant (Lair:6)
  3 boulder beetles
  A centaur warrior (D:10)
  A catoblepas (Lair:5)
  2 two-headed ogres (D:10)
  11 hydras
  A merfolk avatar (Lair:6)
  A death yak (Lair:5)
  Urug (D:11)
  A deep elf knight (D:12)
  A lindwurm (Lair:5)
  2 harpies (Lair:6)
  2 ugly things
  4 manticores
  A centaur zombie (D:10)
  6 black mambas
  An ice statue (D:11)
  16 elephants
  A guardian serpent (Lair:3)
  15 cane toads
  8 rime drakes
  A kobold demonologist (D:12)
  13 komodo dragons
  2 polar bears
  11 blink frogs
  A troll (D:12)
  2 hornets (Lair:6)
  7 dream sheep (Lair:4)
  3 basilisks
  6 wyverns
  52 yaks
  A steam dragon (D:12)
  Menkaure (D:4)
  17 water moccasins
  5 orc warriors
  2 ice beasts
  4 sky beasts
  2 necrophages
  An eye of draining (D:12)
  3 black bears
  2 ogres
  A phantom (D:10)
  12 wolves
  10 centaurs
  13 bullfrogs
  A hornet simulacrum (D:11)
  7 scorpions
  17 killer bees
  2 howler monkeys
  An electric eel (D:7)
  4 jellies
  A crimson imp (D:7)
  A bullfrog zombie (D:9)
  5 hounds
  2 orc priests
  2 human zombies (Ossuary)
  A bullfrog skeleton (D:10)
  7 iguanas
  6 orc wizards
  Natasha (thrice) (D:4)
  11 hell rats
  11 worker ants
  A big kobold zombie (Ossuary)
  A hound skeleton (D:3)
  3 mummies (Ossuary)
  2 worker ant zombies
  Robin (D:3)
  3 gnolls (D:7)
  9 adders
  2 shadow imps
  4 white imps
  2 oozes
  2 adder zombies
  An adder skeleton (D:7)
  3 worms
  A dart slug (D:2)
  5 leopard geckos
  40 orcs
  9 bats
  4 giant cockroaches
  7 goblins
  13 hobgoblins
  12 jackals
  4 quokkas
  2 ball pythons (D:2)
  5 frilled lizards
  A gnoll zombie (Ossuary)
  3 hobgoblin zombies (Ossuary)
  9 kobolds
  A kobold zombie (Ossuary)
  A leopard gecko skeleton (D:7)
  A quokka skeleton (D:5)
  9 rats
496 creatures vanquished.

Vanquished Creatures (others)
  A worker ant (D:12)
  A bush (Lair:6)
  38 fungi
  79 plants
119 creatures vanquished.

Grand Total: 615 creatures vanquished

Notes
Turn   | Place    | Note
-------+----------+-------------------------------------------
     0 | D:1      | Fulmax the Minotaur Berserker began the quest for the Orb.
     0 | D:1      | Reached XP level 1. HP: 19/19 MP: 0/0
   464 | D:1      | Reached XP level 2. HP: 27/27 MP: 1/1
  1212 | D:2      | Reached XP level 3. HP: 27/33 MP: 2/2
  1299 | D:2      | Reached ** piety under Trog
  1609 | D:2      | Reached XP level 4. HP: 34/41 MP: 3/3
  2505 | D:3      | Noticed a bullfrog
  2517 | D:3      | Killed a bullfrog
  2518 | D:3      | Reached skill level 5 in Fighting
  2518 | D:3      | Reached skill level 5 in Axes
  2518 | D:3      | Reached skill level 1 in Shields
  2518 | D:3      | Reached XP level 5. HP: 24/48 MP: 4/4
  2791 | D:3      | Noticed Robin
  2801 | D:3      | Killed Robin
  2921 | D:3      | Found a faded altar of an unknown god.
  3006 | D:3      | Reached *** piety under Trog
  3463 | D:4      | Found Zeatuuza's Jewellery Boutique.
  3752 | D:4      | Found a staircase to the Ecumenical Temple.
  3828 | D:4      | Found a sand-covered staircase.
  3832 | Ossuary  | Entered an ossuary
  4041 | Ossuary  | Reached XP level 6. HP: 51/56 MP: 5/5
  4484 | D:4      | Reached skill level 5 in Armour
  4747 | D:4      | Found a glowing golden altar of the Shining One.
  4875 | D:4      | Noticed Natasha
  4886 | D:4      | Killed Natasha
  4914 | D:4      | Noticed Natasha
  4917 | D:4      | Killed Natasha
  4959 | D:4      | Reached XP level 7. HP: 59/63 MP: 6/6
  5125 | D:4      | Noticed Menkaure
  5132 | D:4      | Killed Menkaure
  5250 | D:4      | Noticed Natasha
  5256 | D:4      | Killed Natasha
  5273 | D:5      | Entered Level 5 of the Dungeon
  5537 | D:5      | Reached XP level 8. HP: 53/71 MP: 7/7
  6154 | D:5      | Reached skill level 5 in Shields
  6254 | D:5      | Reached **** piety under Trog
  6672 | D:6      | Found a glowing golden altar of the Shining One.
  6673 | D:6      | Found a snail-covered altar of Cheibriados.
  6674 | D:6      | Found a bloodstained altar of Trog.
  6676 | D:6      | Found an iron altar of Okawaru.
  6768 | D:6      | Found a hazy altar of Hepliaklqana.
  7656 | D:7      | Reached XP level 9. HP: 60/81 MP: 8/8
  9351 | D:8      | Found a shimmering blue altar of Sif Muna.
  9407 | D:8      | Found a staircase to the Lair.
 10017 | D:9      | Reached skill level 10 in Fighting
 10024 | D:9      | Reached XP level 10. HP: 33/94 MP: 9/9
 10029 | D:9      | Reached ***** piety under Trog
 10463 | D:9      | Found a staircase to the Orcish Mines.
 10838 | D:9      | Reached skill level 10 in Axes
 11176 | D:10     | Entered Level 10 of the Dungeon
 11291 | D:10     | Found Gees's Armour Shoppe.
 11299 | D:10     | Bought a +1 pair of boots of running for 438 gold pieces
 11562 | D:10     | Noticed a two-headed ogre
 11569 | D:10     | Killed a two-headed ogre
 11626 | D:10     | Noticed a two-headed ogre
 11633 | D:10     | Killed a two-headed ogre
 12129 | D:10     | Noticed a centaur warrior
 12139 | D:10     | Killed a centaur warrior
 12140 | D:10     | Reached XP level 11. HP: 100/104 MP: 10/10
 12519 | Lair:1   | Entered Level 1 of the Lair of Beasts
 12789 | Lair:1   | Received a gift from Trog
 12921 | Lair:1   | Reached skill level 1 in Evocations
 13255 | Lair:1   | Noticed a four-headed hydra
 13269 | Lair:1   | Killed a one-headed hydra
 15080 | Lair:2   | Noticed a four-headed hydra
 15090 | Lair:2   | Killed a one-headed hydra
 15091 | Lair:2   | Reached XP level 12. HP: 113/113 MP: 11/11
 15891 | Lair:3   | Found a staircase to the Snake Pit.
 16746 | Lair:4   | Noticed a four-headed hydra
 16760 | Lair:4   | Killed a one-headed hydra
 16761 | Lair:4   | Reached skill level 10 in Shields
 16824 | Lair:4   | Reached skill level 10 in Armour
 16874 | Lair:4   | Noticed a seven-headed hydra
 16889 | Lair:4   | Killed a two-headed hydra
 17009 | Lair:4   | Noticed an eight-headed hydra
 17021 | Lair:4   | Killed a one-headed hydra
 17174 | Lair:4   | Reached skill level 5 in Evocations
 17244 | Lair:4   | Found a staircase to the Shoals.
 17784 | Lair:5   | Noticed a boulder beetle
 17787 | Lair:5   | Noticed a six-headed hydra
 17799 | Lair:5   | Killed a two-headed hydra
 17814 | Lair:5   | Killed a boulder beetle
 18043 | Lair:5   | Noticed a catoblepas
 18061 | Lair:5   | Killed a catoblepas
 18165 | Lair:5   | Noticed a death yak
 18169 | Lair:5   | Received a gift from Trog
 18175 | Lair:5   | Reached XP level 13. HP: 104/123 MP: 12/12
 19366 | Lair:5   | Reached skill level 15 in Axes
 20358 | Lair:6   | Entered Level 6 of the Lair of Beasts
 20469 | Lair:6   | Found a viscous altar of Jiyva.
 20469 | Lair:6   | Found a staircase to the Slime Pits.
 20537 | Lair:6   | Found a hide-covered altar of Uskayaw.
 20538 | Lair:6   | Found an ornate altar of the Wu Jian Council.
 20829 | Lair:6   | Noticed a dire elephant
 20846 | Lair:6   | HP: 5/187 [dire elephant (20)]
 20851 | Lair:6   | HP: 5/187 [dire elephant (2)]
 20853 | Lair:6   | Killed a dire elephant
 21732 | Lair:6   | Reached XP level 14. HP: 122/133 MP: 13/13
 22013 | Lair:6   | Reached skill level 15 in Fighting
 22290 | Lair:6   | Paralysed by a hornet for 3 turns
 23607 | D:11     | Noticed Urug
 23620 | D:11     | Killed Urug
 23624 | D:11     | Got a steaming scale mail
 23635 | D:11     | Identified the +1 scale mail of the Watchman {rF+ rN+ Dex-4
                  | SInv} (You found it on level 11 of the Dungeon)
 23713 | D:11     | Received a gift from Trog
 23714 | D:11     | Got a crystal executioner's axe {god gift}
 23720 | D:11     | Identified the +7 executioner's axe "Munipnil" {vorpal, rF+
                  | SInv} (Trog gifted it to you on level 11 of the Dungeon)
 24147 | D:12     | Reached skill level 5 in Dodging
 24451 | D:12     | Noticed a tengu reaver
 24457 | D:12     | Identified the ring "Xeopn" {+Fly rElec}
 24457 | D:12     | Noticed a tengu reaver
 24466 | D:12     | Killed a tengu reaver
 24469 | D:12     | HP: 10/205 [tengu reaver/bolt of acid (58)]
 24469 | D:12     | Splashed by a tengu reaver's acid

Illustrated notes

Levels and vault maps discovered:
D:1:      ncdulo_halloftheorcs, layout_loops_ring
D:2:      layout_loops_ring, hangedman_feature_mirror
D:3:      layout_basic, chequers_ecumenical_altar_simple, minmay_bisected,
          uniq_robin
D:4:      layout_basic, minmay_temple_entry_fiery, serial_shops,
          nicolae_shop_trees, enter_ossuary_5, nicolae_tso_carved_into_rock,
          uniq_natasha, uniq_menkaure
D:5:      layout_basic, kennysheep_generic_room_11
D:6:      layout_basic, lemuel_doored_altar, grunt_temple_overflow_open,
          kennysheep_minor_cross
D:7:      layout_rooms, minmay_misc_feat_pillars, minivault_4,
          minmay_fire_ice_demons
D:8:      layout_loops_ring, kennysheep_little_box,
          grunt_lair_entry_orc_guard_hut
D:9:      layout_stronghold, hiddenorc1_lemuel
D:10:     layout_grid_maze, serial_shops, shop_fountains
D:11:     lemuel_ice_statue, layout_cave_pools, uniq_urug
D:12:     minmay_the_grid_plus_closed [minmay_the_grid_large_cup,
          minmay_the_grid_outer_circle, minmay_the_grid_medium_cups,
          minmay_the_grid_zigzag_pyramid, minmay_the_grid_prize_diamond_cup],
          layout_cross
Lair:1:   layout_regular_city, grunt_megastairs_2
Lair:2:   layout_layer_cave, lemuel_fruit_tree, grunt_megastairs_4
Lair:3:   layout_cave_pods, minmay_snake_entry_spellcaster, serial_bayou_shore_b
Lair:4:   layout_cave_shapes, elwin_shoals_entry_rocks
Lair:5:   layout_cave_pods, st_stairs_8, nicolae_lair_yak_garden
Lair:6:   gammafunk_lair_ancient_temple, layout_gridlike, slime_altar_1,
          nzn_masters_of_martial_movement

Skill      XL: |  1  2  3  4  5  6  7  8  9 10 11 12 13 14 |
---------------+-------------------------------------------+-----
Fighting       | 4 5 6 8 10 12 13 14 16 | 16.0
Axes           | 4 5 6 8 9 12 13 14 15 16 | 16.0
Armour         | 3 4 5 6 7 8 9 10 12 | 12.0
Shields        | 1 2 3 4 6 8 9 10 12 | 12.0
Evocations     | 3 5 7 8 |  8.0
Dodging        | 6 |  6.5

Action                   |  1- 3 |  4- 6 |  7- 9 | 10-12 | 13-15 || total
-------------------------+-------+-------+-------+-------+-------++-------
Melee: Hand axe          |    85 |   187 |    87 |    59 |   141 ||   559
       Headbutt          |    12 |    40 |    39 |    96 |   125 ||   312
       Whip              |     4 |       |       |       |       ||     4
       War axe           |       |       |   170 |   362 |   333 ||   865
       Executioner's axe |       |       |       |       |    64 ||    64
Invok: Berserk           |       |       |     2 |     5 |     7 ||    14
       Trog's Hand       |       |       |       |     2 |     3 ||     5
       Brothers in Arms  |       |       |       |       |     1 ||     1
 Abil: Evoke Flight      |       |       |       |       |     1 ||     1
Evoke: Wand              |       |       |     1 |     2 |     1 ||     4
  Use: Scroll            |     1 |       |    16 |     9 |       ||    26
       Potion            |       |       |     2 |     1 |     1 ||     4
 Stab: Paralysed         |       |       |     2 |     6 |     4 ||    12
Armor: Scale mail        |    33 |    60 |    85 |     1 |    41 ||   220
       Animal skin       |     2 |       |       |       |       ||     2
       Plate armour      |       |       |       |   169 |   183 ||   352
       Ring mail         |       |       |       |       |     3 ||     3
Dodge: Dodged            |    59 |    60 |    84 |    87 |   122 ||   412
Block: Kite shield       |       |    64 |   160 |   196 |   263 ||   683
